NULL
Full Scoreboard »»

Kraken vs Avalanche

Created - December 18, 2023 at 21:14

Goals
1 2 3 T
Kraken 0 1 2 3
Avalanche 2 1 3 6
Shots
1 2 3 T
Kraken 16 10 8 34
Avalanche 15 11 13 39

GoalsPenalties
1st period
1. Avalanche , Matthew Tkachuk 8 (Sean Couturier 6, Drew Doughty 10) at 1:24
2. Avalanche , Andre Burakovsky 6 (Connor Murphy 3) at 14:12
Matthew Tkachuk (COL) for Fighting (Major) at 3:44
Jonas Siegenthaler (SEA) for Fighting (Major) at 3:44
Connor Murphy (COL) for Fighting (Major) at 16:25
Keegan Kolesar (SEA) for Fighting (Major) at 16:25
2nd period
3. Avalanche , Sean Couturier 3 (Matthew Tkachuk 6, Andrew Mangiapane 6) at 0:16
4. Kraken , Morgan Frost 4 (Noah Dobson 5, Valeri Nichushkin 4) at 4:24
Adam Pelech (COL) for Tripping (Minor) at 11:58
3rd period
5. Avalanche , Dougie Hamilton 1 (Joel Armia 1, Josh Manson 2) at 1:43
6. Kraken , Kirill Kaprizov 5 (Andrei Svechnikov 8) at 3:12
7. Avalanche , Matthew Tkachuk 9 (Connor Murphy 4, Sean Couturier 7) at 4:48
8. Avalanche , Andre Burakovsky 7 (Jordan Kyrou 3) at 5:06
9. Kraken , Kirill Kaprizov 6 (Roope Hintz 14, Andrei Svechnikov 9) at 17:18 (PP)
Sean Couturier (COL) for Fighting (Major) at 6:16
Jonas Siegenthaler (SEA) for Fighting (Major) at 6:16
Logan O'Connor (COL) for Fighting (Major) at 9:10
Keegan Kolesar (SEA) for Fighting (Major) at 9:10
Matthew Tkachuk (COL) for Fighting (Major) at 11:01
Pavel Zacha (SEA) for Fighting (Major) at 11:01
Drew Doughty (COL) for Delaying the game (Minor) at 17:14
Goalie Stats
Tristan Jarry (SEA), 33 saves from 39 shots - (0.846), L, 9-5-0, 60:00 minutes
Spencer Knight (COL), 31 saves from 34 shots - (0.912), W, 2-3-2, 60:00 minutes
3 StarsOfficial
1 - Andre Burakovsky (COL)
2 - Sean Couturier (COL)
3 - Kirill Kaprizov (SEA)
Referees : Unknown
Linesman : Unknown
Game Note
Matthew Tkachuk beats up Jonas Siegenthaler at 3:44 of 1st period
Connor Murphy and Keegan Kolesar fight to a draw at 16:25 of 1st period
Sean Couturier beats up Jonas Siegenthaler at 6:16 of 3rd period
Keegan Kolesar beats up Logan O'Connor at 9:10 of 3rd period
Matthew Tkachuk and Pavel Zacha fight to a draw at 11:01 of 3rd period



Team Name Goals Shots Shots Attemp Shots Blocked PIM HIT PP PK FO%
Kraken 334601125211 / 2 (50%)057%
Avalanche 63967829220 / 0 (0.00%143%

Kraken
Player Name POS G A P +/- PIM HIT SHT SB MP PP MP PP SHT PK MP PK SHT FO% FOT GA TA
Andrei SvechnikovLW/RW0221042018:571:1100:000100% 221
Artturi LehkonenLW/RW000-4043217:250:5200:0000% 010
Blake ColemanC/LW/RW000-2026016:480:0000:0000% 200
Brandon SaadLW/RW000-2001117:000:3800:0000% 100
Brenden DillonD0000011322:260:0000:0000% 003
Jake SandersonD000-3001014:430:0000:0000% 000
Jesperi KotkaniemiC/LW000-2040017:220:5200:00071% 2100
Jonas SiegenthalerD000-11000117:550:0000:0000% 000
Keegan KolesarRW0001100006:330:0000:0000% 000
Kirill KaprizovLW2021006019:201:1110:0000% 110
Martin FehervaryD000-3010015:070:0000:0000% 001
Morgan FrostC101100308:450:0000:00025% 400
Nicolas HagueD000-1011221:220:3800:0000% 000
Noah DobsonD0110001125:281:2500:0000% 012
Pavel ZachaC/LW000-4504015:570:5200:00069% 1620
Roope HintzC/LW0111012117:281:1110:00048% 2101
Tanner JeannotLW/RW000102008:450:0000:0000% 010
Valeri NichushkinLW/RW011-4013018:341:2510:0000% 110
Avalanche
Player Name POS G A P +/- PIM HIT SHT SB MP PP MP PP SHT PK MP PK SHT FO% FOT GA TA
Adam PelechD0000232120:420:0000:0000% 001
Adam RuzickaC000-1030014:050:0001:08062% 1310
Andre BurakovskyLW2022007117:170:0000:00033% 310
Andrew MangiapaneLW/RW0113011018:220:0000:0000% 000
Cole PerfettiC/LW/RW000-1030017:110:0000:55060% 520
Connor MurphyD0223520217:480:0001:2200% 011
Dougie HamiltonD1011001220:430:0000:0300% 000
Drew DoughtyD0110202020:060:0000:0000% 002
Jani HakanpaaD0003010019:010:0001:1500% 000
Jaycob MegnaC/LW/RW0000000111:120:0000:55038% 800
Joel ArmiaLW/RW0110002010:070:0000:0000% 000
Jordan KyrouC/LW/RW0112021016:570:0000:0000% 002
Josh MansonD0111035121:230:0001:2610% 002
Logan O'ConnorLW/RW000050208:060:0000:0000% 000
Matthew TkachukLW21331016015:370:0000:0000% 000
Sean CouturierC1233516016:340:0000:00043% 2300
Sonny MilanoLW/RW000-1013015:420:0001:0800% 021
Teuvo TeravainenC/LW/RW0002011016:570:0000:00029% 1710

Kraken

5 vs 5 Forward
Line #Left WingCenterRight WingPHYDFOFWanted %Time %Time Play
1Kirill KaprizovRoope HintzAndrei Svechnikov0233028%16:17
2Artturi LehkonenPavel ZachaValeri Nichushkin0233029%16:33
3Brandon SaadJesperi KotkaniemiBlake Coleman0233028%16:22
4Tanner JeannotMorgan FrostKeegan Kolesar1311015%8:45
5 vs 5 Defense
Line #DefenseDefensePHYDFOFWanted %Time %Time Play
1Brenden DillonNoah Dobson0234039%22:30
2Jonas SiegenthalerNicolas Hague0233536%20:44
3Jake SandersonMartin Fehervary0232525%14:43
4Jonas SiegenthalerNoah Dobson12200%0:00
Power Play Forward
Line #Left WingCenterRight WingPHYDFOFWanted %Time %Time Play
1Kirill KaprizovRoope HintzAndrei Svechnikov0056058%1:11
2Pavel ZachaJesperi KotkaniemiArtturi Lehkonen0054042%0:52
Power Play Defense
Line #DefenseDefensePHYDFOFWanted %Time %Time Play
1Valeri NichushkinNoah Dobson0146069%1:25
2Nicolas HagueBrandon Saad0144031%0:38
Penalty Kill 4 Players Forward
Line #CenterWingPHYDFOFWanted %Time %Time Play
1Morgan FrostBlake Coleman140500%0:00
2Roope HintzTanner Jeannot140500%0:00
Penalty Kill 4 Players Defense
Line #DefenseDefensePHYDFOFWanted %Time %Time Play
1Jonas SiegenthalerBrenden Dillon140500%0:00
2Nicolas HagueNoah Dobson140500%0:00
Penalty Kill 3 Players
Line #WingPHYDFOFWanted %Time %Time PlayDefenseDefensePHYDFOFWanted %Time %Time Play
1Roope Hintz140500%0:00 Brenden DillonNoah Dobson140500%0:00
2Morgan Frost140500%0:00 Jonas SiegenthalerNicolas Hague140500%0:00
4 vs 4 Forward
Line #CenterWingPHYDFOFWanted %Time %Time Play
1Jesperi KotkaniemiPavel Zacha023500%0:00
2Morgan FrostKeegan Kolesar023500%0:00
4 vs 4 Defense
Line #DefensePHYDFOFWanted %Time %Time Play
1Martin FehervaryNoah Dobson023500%0:00
2Jonas SiegenthalerJake Sanderson023500%0:00
Last Minutes Offensive
Left WingCenterRight WingDefenseDefense
Kirill KaprizovRoope HintzAndrei SvechnikovValeri NichushkinNoah Dobson
Last Minutes Defensive
Left WingCenterRight WingDefenseDefense
Brandon SaadRoope HintzBlake ColemanJonas SiegenthalerBrenden Dillon
Time
Total ForwardTotal DefenseLast Minutes OffensiveLast Minutes Defensive
60:00 60:00 0:000:00
Extra Forwards
Normal PowerPlayPenalty Kill
Kirill Kaprizov, Valeri Nichushkin, Pavel ZachaArtturi Lehkonen, Andrei SvechnikovBrandon Saad
Extra Defensemen
Normal PowerPlayPenalty Kill
Noah Dobson, Brenden Dillon, Martin FehervaryJake Sanderson, Nicolas HagueJonas Siegenthaler
Penalty Shots
Kirill Kaprizov, Roope Hintz, Valeri Nichushkin, Andrei Svechnikov, Pavel Zacha
Goalie
Tristan Jarry, Akira Schmid
Custom OT Lines Forwards
Kirill Kaprizov, Roope Hintz, Valeri Nichushkin, Andrei Svechnikov, Artturi Lehkonen, Blake Coleman, Pavel Zacha, Brandon Saad, Morgan Frost, Jesperi Kotkaniemi
Custom OT Lines Defensemen
Noah Dobson, Brenden Dillon, Jonas Siegenthaler, Nicolas Hague, Jake Sanderson
Scratches
Paul Cotter (Healthy), Nicklaus Perbix (Healthy), Thomas Novak (Healthy), Morgan Geekie (Healthy)

Avalanche

5 vs 5 Forward
Line #Left WingCenterRight WingPHYDFOFWanted %Time %Time Play
1Matthew TkachukSean CouturierAndrew Mangiapane1223532%18:22
2Andre BurakovskyTeuvo TeravainenJordan Kyrou1223329%16:57
3Sonny MilanoAdam RuzickaCole Perfetti1222222%12:57
4Logan O'ConnorJaycob MegnaJoel Armia1221017%9:41
5 vs 5 Defense
Line #DefenseDefensePHYDFOFWanted %Time %Time Play
1Drew DoughtyAdam Pelech1223534%19:59
2Dougie HamiltonJosh Manson1223534%19:55
3Connor MurphyJani Hakanpaa1223031%17:46
4Drew DoughtyDougie Hamilton12200%0:17
Power Play Forward
Line #Left WingCenterRight WingPHYDFOFWanted %Time %Time Play
1Matthew TkachukSean CouturierAndrew Mangiapane113550%0:00
2Andre BurakovskyTeuvo TeravainenJordan Kyrou122450%0:00
Power Play Defense
Line #DefenseDefensePHYDFOFWanted %Time %Time Play
1Drew DoughtyDougie Hamilton113600%0:00
2Adam PelechJosh Manson122400%0:00
Penalty Kill 4 Players Forward
Line #CenterWingPHYDFOFWanted %Time %Time Play
1Adam RuzickaSonny Milano1225055%1:08
2Jaycob MegnaCole Perfetti1225045%0:55
Penalty Kill 4 Players Defense
Line #DefenseDefensePHYDFOFWanted %Time %Time Play
1Josh MansonAdam Pelech1225070%1:26
2Connor MurphyJani Hakanpaa1225030%0:37
Penalty Kill 3 Players
Line #WingPHYDFOFWanted %Time %Time PlayDefenseDefensePHYDFOFWanted %Time %Time Play
1Matthew Tkachuk122500%0:00 Drew DoughtyDougie Hamilton122500%0:00
2Sean Couturier122500%0:00 Adam PelechJosh Manson122500%0:00
4 vs 4 Forward
Line #CenterWingPHYDFOFWanted %Time %Time Play
1Sean CouturierMatthew Tkachuk122500%0:00
2Teuvo TeravainenAndrew Mangiapane122500%0:00
4 vs 4 Defense
Line #DefensePHYDFOFWanted %Time %Time Play
1Drew DoughtyDougie Hamilton122500%0:00
2Adam PelechJosh Manson122500%0:00
Last Minutes Offensive
Left WingCenterRight WingDefenseDefense
Matthew TkachukSean CouturierJordan KyrouDrew DoughtyDougie Hamilton
Last Minutes Defensive
Left WingCenterRight WingDefenseDefense
Andrew MangiapaneSean CouturierJaycob MegnaAdam PelechJosh Manson
Time
Total ForwardTotal DefenseLast Minutes OffensiveLast Minutes Defensive
60:00 60:00 0:000:00
Extra Forwards
Normal PowerPlayPenalty Kill
Cole Perfetti, Sonny Milano, Jaycob MegnaCole Perfetti, Sonny MilanoJaycob Megna
Extra Defensemen
Normal PowerPlayPenalty Kill
Connor Murphy, Jani Hakanpaa, Adam PelechConnor Murphy, Jani HakanpaaAdam Pelech
Penalty Shots
Jordan Kyrou, Matthew Tkachuk, Teuvo Teravainen, Andre Burakovsky, Sean Couturier
Goalie
Spencer Knight, Robin Lehner
Custom OT Lines Forwards
Matthew Tkachuk, Sean Couturier, Andre Burakovsky, Andrew Mangiapane, Jordan Kyrou, Teuvo Teravainen, Sonny Milano, Jaycob Megna, Adam Ruzicka, Cole Perfetti
Custom OT Lines Defensemen
Drew Doughty, Dougie Hamilton, Adam Pelech, Josh Manson, Connor Murphy
Scratches
Axel Andersson (Healthy), Andrew Cristall (Healthy)


Play-by-Play

1st period


0:01 of 1st period - Sean Couturier wins face-off versus Roope Hintz in neutral zone.
0:20 of 1st period - Icing by Matthew Tkachuk.
0:21 of 1st period - Pavel Zacha wins face-off versus Sean Couturier in Avalanche zone.
0:50 of 1st period - Slapshot by Valeri Nichushkin.
0:50 of 1st period - Shot Misses the Net.
1:14 of 1st period - Snap shot by Matthew Tkachuk.
1:14 of 1st period - Stopped by Tristan Jarry with a rebound.
1:16 of 1st period - Slapshot by Adam Pelech.
1:16 of 1st period - Shot Misses the Net.
1:18 of 1st period - Snap shot by Sean Couturier.
1:18 of 1st period - Stopped by Tristan Jarry with a rebound.
1:20 of 1st period - Snap shot by Andrew Mangiapane.
1:20 of 1st period - Shot Blocked by Artturi Lehkonen.
1:22 of 1st period - Snap shot by Drew Doughty.
1:22 of 1st period - Shot Misses the Net.
1:24 of 1st period - Slapshot by Sean Couturier.
1:24 of 1st period - Deflect By Matthew Tkachuk.
1:24 of 1st period - Goal by Matthew Tkachuk - Kraken : 0 - Avalanche : 1.
1:25 of 1st period - Jesperi Kotkaniemi wins face-off versus Teuvo Teravainen in neutral zone.
1:28 of 1st period - Wrist shot by Blake Coleman.
1:28 of 1st period - Stopped by Spencer Knight with a rebound.
1:54 of 1st period - Josh Manson is hit by Andrei Svechnikov and loses puck.
2:39 of 1st period - Wrist shot by Andre Burakovsky.
2:39 of 1st period - Stopped by Tristan Jarry with a rebound.
2:45 of 1st period - Snap shot by Jordan Kyrou.
2:45 of 1st period - Shot Blocked by Brandon Saad.
2:59 of 1st period - Snap shot by Pavel Zacha.
2:59 of 1st period - Stopped by Spencer Knight with a rebound.
3:21 of 1st period - Snap shot by Kirill Kaprizov.
3:21 of 1st period - Stopped by Spencer Knight with a rebound.
3:44 of 1st period - Matthew Tkachuk beats up Jonas Siegenthaler.
3:44 of 1st period - Penalty to Matthew Tkachuk for Fighting.
3:44 of 1st period - Penalty to Jonas Siegenthaler for Fighting.
3:45 of 1st period - Jesperi Kotkaniemi wins face-off versus Teuvo Teravainen in Avalanche zone.
3:52 of 1st period - Snap shot by Blake Coleman.
3:52 of 1st period - Shot Misses the Net.
5:22 of 1st period - Slapshot by Blake Coleman.
5:22 of 1st period - Shot Blocked by Dougie Hamilton.
5:56 of 1st period - Adam Pelech is hit by Artturi Lehkonen and loses puck.
6:03 of 1st period - Snap shot by Pavel Zacha.
6:03 of 1st period - Shot Misses the Net.
6:05 of 1st period - Wrist shot by Valeri Nichushkin.
6:05 of 1st period - Stopped by Spencer Knight without a rebound.
6:06 of 1st period - Jesperi Kotkaniemi wins face-off versus Teuvo Teravainen in Avalanche zone.
6:09 of 1st period - Slapshot by Blake Coleman.
6:09 of 1st period - Stopped by Spencer Knight with a rebound.
6:11 of 1st period - Slapshot by Nicolas Hague.
6:11 of 1st period - Stopped by Spencer Knight without a rebound.
6:12 of 1st period - Teuvo Teravainen wins face-off versus Blake Coleman in Avalanche zone.
6:44 of 1st period - Snap shot by Brandon Saad.
6:44 of 1st period - Stopped by Spencer Knight with a rebound.
6:46 of 1st period - Wrist shot by Nicolas Hague.
6:46 of 1st period - Deflect By Brandon Saad.
6:46 of 1st period - Shot Blocked by Connor Murphy.
6:46 of 1st period - Puck is out of play.
6:47 of 1st period - Pavel Zacha wins face-off versus Adam Ruzicka in Avalanche zone.
6:54 of 1st period - Wrist shot by Valeri Nichushkin.
6:54 of 1st period - Shot Misses the Net.
6:56 of 1st period - Slapshot by Noah Dobson.
6:56 of 1st period - Deflect By Artturi Lehkonen.
6:56 of 1st period - Shot Misses the Net.
6:56 of 1st period - Puck is out of play.
6:57 of 1st period - Pavel Zacha wins face-off versus Adam Ruzicka in Avalanche zone.
6:58 of 1st period - Wrist shot by Artturi Lehkonen.
6:58 of 1st period - Stopped by Spencer Knight without a rebound.
6:59 of 1st period - Teuvo Teravainen wins face-off versus Roope Hintz in Avalanche zone.
7:10 of 1st period - Snap shot by Roope Hintz.
7:10 of 1st period - Stopped by Spencer Knight without a rebound.
7:11 of 1st period - Roope Hintz wins face-off versus Adam Ruzicka in Avalanche zone.
7:24 of 1st period - Brenden Dillon is hit by Adam Ruzicka and loses puck.
7:46 of 1st period - Wrist shot by Jordan Kyrou.
7:46 of 1st period - Shot Hit the Post.
7:58 of 1st period - Wrist shot by Artturi Lehkonen.
7:58 of 1st period - Shot Misses the Net.
8:06 of 1st period - Wrist shot by Pavel Zacha.
8:06 of 1st period - Stopped by Spencer Knight without a rebound.
8:07 of 1st period - Roope Hintz wins face-off versus Teuvo Teravainen in Avalanche zone.
8:12 of 1st period - Wrist shot by Roope Hintz.
8:12 of 1st period - Deflect By Kirill Kaprizov.
8:12 of 1st period - Stopped by Spencer Knight without a rebound.
8:13 of 1st period - Roope Hintz wins face-off versus Teuvo Teravainen in Avalanche zone.
8:14 of 1st period - Snap shot by Andrei Svechnikov.
8:14 of 1st period - Stopped by Spencer Knight without a rebound.
8:15 of 1st period - Roope Hintz wins face-off versus Teuvo Teravainen in Avalanche zone.
8:30 of 1st period - Snap shot by Jordan Kyrou.
8:30 of 1st period - Stopped by Tristan Jarry without a rebound.
8:31 of 1st period - Pavel Zacha wins face-off versus Cole Perfetti in Kraken zone.
8:45 of 1st period - Wrist shot by Pavel Zacha.
8:45 of 1st period - Stopped by Spencer Knight without a rebound.
8:46 of 1st period - Teuvo Teravainen wins face-off versus Blake Coleman in Avalanche zone.
8:57 of 1st period - Wrist shot by Jordan Kyrou.
8:57 of 1st period - Shot Misses the Net.
9:13 of 1st period - Icing by Adam Ruzicka.
9:14 of 1st period - Adam Ruzicka wins face-off versus Roope Hintz in Avalanche zone.
10:01 of 1st period - Slapshot by Dougie Hamilton.
10:01 of 1st period - Deflect By Matthew Tkachuk.
10:01 of 1st period - Shot Hit the Post.
10:01 of 1st period - Puck is out of play.
10:02 of 1st period - Jesperi Kotkaniemi wins face-off versus Sean Couturier in Kraken zone.
10:11 of 1st period - Snap shot by Brandon Saad.
10:11 of 1st period - Shot Misses the Net.
10:33 of 1st period - Slapshot by Jordan Kyrou.
10:33 of 1st period - Shot Misses the Net.
10:59 of 1st period - Backhand shot by Noah Dobson.
10:59 of 1st period - Stopped by Spencer Knight with a rebound.
11:30 of 1st period - Snap shot by Cole Perfetti.
11:30 of 1st period - Deflect By Sonny Milano.
11:30 of 1st period - Stopped by Tristan Jarry without a rebound.
11:31 of 1st period - Adam Ruzicka wins face-off versus Jesperi Kotkaniemi in Kraken zone.
12:04 of 1st period - Slapshot by Matthew Tkachuk.
12:04 of 1st period - Shot Blocked by Jonas Siegenthaler.
12:28 of 1st period - Wrist shot by Andre Burakovsky.
12:28 of 1st period - Deflect By Teuvo Teravainen.
12:28 of 1st period - Stopped by Tristan Jarry without a rebound.
12:29 of 1st period - Jesperi Kotkaniemi wins face-off versus Sean Couturier in Kraken zone.
13:05 of 1st period - Slapshot by Andre Burakovsky.
13:05 of 1st period - Stopped by Tristan Jarry without a rebound.
13:06 of 1st period - Jaycob Megna wins face-off versus Pavel Zacha in Kraken zone.
13:07 of 1st period - Slapshot by Drew Doughty.
13:07 of 1st period - Stopped by Tristan Jarry with a rebound.
13:13 of 1st period - Slapshot by Drew Doughty.
13:13 of 1st period - Shot Misses the Net.
13:31 of 1st period - Brandon Saad is hit by Adam Pelech and loses puck.
13:38 of 1st period - Wrist shot by Andre Burakovsky.
13:38 of 1st period - Stopped by Tristan Jarry without a rebound.
13:39 of 1st period - Roope Hintz wins face-off versus Sean Couturier in Kraken zone.
14:12 of 1st period - Slapshot by Andre Burakovsky.
14:12 of 1st period - Goal by Andre Burakovsky - Kraken : 0 - Avalanche : 2.
14:13 of 1st period - Sean Couturier wins face-off versus Jesperi Kotkaniemi in neutral zone.
14:16 of 1st period - Wrist shot by Andrew Mangiapane.
14:16 of 1st period - Shot Misses the Net.
14:18 of 1st period - Wrist shot by Sean Couturier.
14:18 of 1st period - Stopped by Tristan Jarry with a rebound.
14:43 of 1st period - Wrist shot by Morgan Frost.
14:43 of 1st period - Shot Blocked by Josh Manson.
14:45 of 1st period - Slapshot by Jonas Siegenthaler.
14:45 of 1st period - Shot Misses the Net.
15:29 of 1st period - Artturi Lehkonen is hit by Adam Ruzicka and loses puck.
15:58 of 1st period - Jesperi Kotkaniemi is hit by Andrew Mangiapane and loses puck.
16:11 of 1st period - Snap shot by Morgan Frost.
16:11 of 1st period - Stopped by Spencer Knight with a rebound.
16:13 of 1st period - Slapshot by Brenden Dillon.
16:13 of 1st period - Stopped by Spencer Knight without a rebound.
16:14 of 1st period - Cole Perfetti wins face-off versus Morgan Frost in Avalanche zone.
16:25 of 1st period - Connor Murphy and Keegan Kolesar fight to a draw.
16:25 of 1st period - Penalty to Connor Murphy for Fighting.
16:25 of 1st period - Penalty to Keegan Kolesar for Fighting.
16:26 of 1st period - Roope Hintz wins face-off versus Sean Couturier in Avalanche zone.
16:51 of 1st period - Drew Doughty is hit by Jesperi Kotkaniemi and loses puck.
17:02 of 1st period - Slapshot by Matthew Tkachuk.
17:02 of 1st period - Shot Misses the Net.
17:04 of 1st period - Snap shot by Andrew Mangiapane.
17:04 of 1st period - Stopped by Tristan Jarry with a rebound.
17:06 of 1st period - Wrist shot by Matthew Tkachuk.
17:06 of 1st period - Deflect By Sean Couturier.
17:06 of 1st period - Stopped by Tristan Jarry without a rebound.
17:07 of 1st period - Pavel Zacha wins face-off versus Teuvo Teravainen in Kraken zone.
18:01 of 1st period - Brenden Dillon is hit by Jani Hakanpaa and loses puck.
18:14 of 1st period - Wrist shot by Blake Coleman.
18:14 of 1st period - Shot Blocked by Dougie Hamilton.
18:32 of 1st period - Blake Coleman is hit by Jordan Kyrou and loses puck.
18:37 of 1st period - Wrist shot by Teuvo Teravainen.
18:37 of 1st period - Shot Misses the Net.
18:39 of 1st period - Slapshot by Josh Manson.
18:39 of 1st period - Deflect By Noah Dobson.
18:39 of 1st period - Stopped by Tristan Jarry without a rebound.
18:40 of 1st period - Adam Ruzicka wins face-off versus Roope Hintz in Kraken zone.
18:41 of 1st period - Slapshot by Sonny Milano.
18:41 of 1st period - Shot Misses the Net.
19:07 of 1st period - Wrist shot by Teuvo Teravainen.
19:07 of 1st period - Shot Misses the Net.
19:38 of 1st period - Icing by Josh Manson.
19:39 of 1st period - Jaycob Megna wins face-off versus Brandon Saad in Avalanche zone.
Goals for this period are 0 for Kraken vs 2 for Avalanche.
Shots for this period are 16 for Kraken vs 15 for Avalanche.

2nd period


0:01 of 2nd period - Pavel Zacha wins face-off versus Sean Couturier in neutral zone.
0:10 of 2nd period - Slapshot by Matthew Tkachuk.
0:10 of 2nd period - Stopped by Tristan Jarry with a rebound.
0:12 of 2nd period - Wrist shot by Matthew Tkachuk.
0:12 of 2nd period - Stopped by Tristan Jarry with a rebound.
0:14 of 2nd period - Snap shot by Sean Couturier.
0:14 of 2nd period - Stopped by Tristan Jarry with a rebound.
0:16 of 2nd period - Snap shot by Sean Couturier.
0:16 of 2nd period - Goal by Sean Couturier - Kraken : 0 - Avalanche : 3.
0:17 of 2nd period - Roope Hintz wins face-off versus Andre Burakovsky in neutral zone.
1:14 of 2nd period - Jani Hakanpaa is hit by Blake Coleman and loses puck.
1:29 of 2nd period - Wrist shot by Kirill Kaprizov.
1:29 of 2nd period - Stopped by Spencer Knight without a rebound.
1:30 of 2nd period - Morgan Frost wins face-off versus Jaycob Megna in Avalanche zone.
1:41 of 2nd period - Wrist shot by Kirill Kaprizov.
1:41 of 2nd period - Stopped by Spencer Knight with a rebound.
1:55 of 2nd period - Brenden Dillon is hit by Connor Murphy and loses puck.
2:22 of 2nd period - Jake Sanderson is hit by Josh Manson.
2:41 of 2nd period - Josh Manson is hit by Jesperi Kotkaniemi and loses puck.
2:56 of 2nd period - Joel Armia is hit by Artturi Lehkonen.
3:21 of 2nd period - Jordan Kyrou is hit by Tanner Jeannot and loses puck.
3:59 of 2nd period - Snap shot by Andrew Mangiapane.
3:59 of 2nd period - Shot Blocked by Brenden Dillon.
4:24 of 2nd period - Wrist shot by Morgan Frost.
4:24 of 2nd period - Goal by Morgan Frost - Kraken : 1 - Avalanche : 3.
4:25 of 2nd period - Sean Couturier wins face-off versus Roope Hintz in neutral zone.
4:44 of 2nd period - Sean Couturier is hit by Roope Hintz and loses puck.
5:19 of 2nd period - Snap shot by Andre Burakovsky.
5:19 of 2nd period - Stopped by Tristan Jarry with a rebound.
5:21 of 2nd period - Slapshot by Drew Doughty.
5:21 of 2nd period - Deflect By Brandon Saad.
5:21 of 2nd period - Stopped by Tristan Jarry with a rebound.
5:29 of 2nd period - Brenden Dillon is hit by Jordan Kyrou and loses puck.
5:46 of 2nd period - Wrist shot by Joel Armia.
5:46 of 2nd period - Shot Misses the Net.
5:48 of 2nd period - Slapshot by Connor Murphy.
5:48 of 2nd period - Deflect By Logan O'Connor.
5:48 of 2nd period - Stopped by Tristan Jarry with a rebound.
5:50 of 2nd period - Wrist shot by Jaycob Megna.
5:50 of 2nd period - Shot Blocked by Brenden Dillon.
6:30 of 2nd period - Artturi Lehkonen is hit by Cole Perfetti.
6:40 of 2nd period - Snap shot by Brandon Saad.
6:40 of 2nd period - Shot Blocked by Andre Burakovsky.
7:10 of 2nd period - Tanner Jeannot is hit by Josh Manson and loses puck.
7:44 of 2nd period - Jonas Siegenthaler is hit by Adam Pelech and loses puck.
8:05 of 2nd period - Blake Coleman is hit by Sonny Milano and loses puck.
9:05 of 2nd period - Logan O'Connor is hit by Valeri Nichushkin and loses puck.
9:12 of 2nd period - Snap shot by Artturi Lehkonen.
9:12 of 2nd period - Stopped by Spencer Knight without a rebound.
9:13 of 2nd period - Pavel Zacha wins face-off versus Sean Couturier in Avalanche zone.
9:14 of 2nd period - Slapshot by Artturi Lehkonen.
9:14 of 2nd period - Deflect By Matthew Tkachuk.
9:14 of 2nd period - Stopped by Spencer Knight with a rebound.
9:16 of 2nd period - Slapshot by Martin Fehervary.
9:16 of 2nd period - Shot Misses the Net.
10:01 of 2nd period - Slapshot by Jake Sanderson.
10:01 of 2nd period - Stopped by Spencer Knight without a rebound.
10:02 of 2nd period - Adam Ruzicka wins face-off versus Jesperi Kotkaniemi in Avalanche zone.
10:15 of 2nd period - Snap shot by Sonny Milano.
10:15 of 2nd period - Stopped by Tristan Jarry without a rebound.
10:16 of 2nd period - Pavel Zacha wins face-off versus Sean Couturier in Kraken zone.
11:22 of 2nd period - Icing by Blake Coleman.
11:23 of 2nd period - Jesperi Kotkaniemi wins face-off versus Jaycob Megna in Kraken zone.
11:27 of 2nd period - Off-side.
11:28 of 2nd period - Jaycob Megna wins face-off versus Roope Hintz in neutral zone.
11:31 of 2nd period - Slapshot by Dougie Hamilton.
11:31 of 2nd period - Shot Misses the Net.
11:33 of 2nd period - Slapshot by Josh Manson.
11:33 of 2nd period - Stopped by Tristan Jarry without a rebound.
11:34 of 2nd period - Roope Hintz wins face-off versus Sean Couturier in Kraken zone.
11:58 of 2nd period - Minor Penalty to Adam Pelech for Tripping.
11:59 of 2nd period - Andrei Svechnikov wins face-off versus Adam Ruzicka in Avalanche zone.
12:01 of 2nd period - Snap shot by Roope Hintz.
12:01 of 2nd period - Stopped by Spencer Knight with a rebound.
12:03 of 2nd period - Snap shot by Roope Hintz.
12:03 of 2nd period - Shot Hit the Post.
12:05 of 2nd period - Slapshot by Valeri Nichushkin.
12:05 of 2nd period - Stopped by Spencer Knight without a rebound.
12:06 of 2nd period - Andrei Svechnikov wins face-off versus Adam Ruzicka in Avalanche zone.
12:43 of 2nd period - Backhand shot by Connor Murphy.
12:43 of 2nd period - Shot Misses the Net.
12:45 of 2nd period - Snap shot by Josh Manson.
12:45 of 2nd period - Stopped by Tristan Jarry without a rebound.
12:46 of 2nd period - Roope Hintz wins face-off versus Jaycob Megna in Kraken zone.
13:11 of 2nd period - Josh Manson is hit by Artturi Lehkonen and loses puck.
13:58 of 2nd period - Penalty to Adam Pelech is over, Adam Pelech is back on ice.
14:09 of 2nd period - Off-side.
14:10 of 2nd period - Andre Burakovsky wins face-off versus Morgan Frost in neutral zone.
14:23 of 2nd period - Slapshot by Teuvo Teravainen.
14:23 of 2nd period - Deflect By Andre Burakovsky.
14:23 of 2nd period - Stopped by Tristan Jarry without a rebound.
14:24 of 2nd period - Jesperi Kotkaniemi wins face-off versus Sean Couturier in Kraken zone.
14:31 of 2nd period - Slapshot by Blake Coleman.
14:31 of 2nd period - Deflect By Andrew Mangiapane.
14:31 of 2nd period - Shot Misses the Net.
14:31 of 2nd period - Puck is out of play.
14:32 of 2nd period - Jesperi Kotkaniemi wins face-off versus Sean Couturier in Avalanche zone.
14:33 of 2nd period - Wrist shot by Blake Coleman.
14:33 of 2nd period - Stopped by Spencer Knight without a rebound.
14:34 of 2nd period - Jesperi Kotkaniemi wins face-off versus Sean Couturier in Avalanche zone.
14:35 of 2nd period - Snap shot by Blake Coleman.
14:35 of 2nd period - Shot Misses the Net.
14:47 of 2nd period - Blake Coleman is hit by Sean Couturier and loses puck.
14:56 of 2nd period - Slapshot by Blake Coleman.
14:56 of 2nd period - Deflect By Brandon Saad.
14:56 of 2nd period - Shot Blocked by Adam Pelech.
14:56 of 2nd period - Puck is out of play.
14:57 of 2nd period - Pavel Zacha wins face-off versus Andre Burakovsky in Avalanche zone.
15:02 of 2nd period - Wrist shot by Valeri Nichushkin.
15:02 of 2nd period - Stopped by Spencer Knight with a rebound.
15:23 of 2nd period - Icing by Jani Hakanpaa.
15:24 of 2nd period - Adam Ruzicka wins face-off versus Roope Hintz in Avalanche zone.
15:58 of 2nd period - Connor Murphy is hit by Andrei Svechnikov.
16:25 of 2nd period - Cole Perfetti is hit by Andrei Svechnikov and loses puck.
17:29 of 2nd period - Off-side.
17:30 of 2nd period - Sean Couturier wins face-off versus Pavel Zacha in neutral zone.
17:55 of 2nd period - Wrist shot by Morgan Frost.
17:55 of 2nd period - Shot Misses the Net.
18:17 of 2nd period - Matthew Tkachuk is hit by Jesperi Kotkaniemi and loses puck.
19:34 of 2nd period - Teuvo Teravainen is hit by Jesperi Kotkaniemi.
19:46 of 2nd period - Josh Manson is hit by Martin Fehervary and loses puck.
Goals for this period are 1 for Kraken vs 1 for Avalanche.
Shots for this period are 10 for Kraken vs 11 for Avalanche.

3rd period


0:01 of 3rd period - Jesperi Kotkaniemi wins face-off versus Sean Couturier in neutral zone.
0:39 of 3rd period - Wrist shot by Pavel Zacha.
0:39 of 3rd period - Stopped by Spencer Knight with a rebound.
1:33 of 3rd period - Wrist shot by Logan O'Connor.
1:33 of 3rd period - Stopped by Tristan Jarry with a rebound.
1:35 of 3rd period - Snap shot by Josh Manson.
1:35 of 3rd period - Stopped by Tristan Jarry with a rebound.
1:37 of 3rd period - Snap shot by Joel Armia.
1:37 of 3rd period - Stopped by Tristan Jarry with a rebound.
1:39 of 3rd period - Slapshot by Josh Manson.
1:39 of 3rd period - Stopped by Tristan Jarry with a rebound.
1:41 of 3rd period - Wrist shot by Joel Armia.
1:41 of 3rd period - Stopped by Tristan Jarry with a rebound.
1:43 of 3rd period - Slapshot by Dougie Hamilton.
1:43 of 3rd period - Goal by Dougie Hamilton - Kraken : 1 - Avalanche : 4.
1:44 of 3rd period - Jesperi Kotkaniemi wins face-off versus Teuvo Teravainen in neutral zone.
1:57 of 3rd period - Wrist shot by Blake Coleman.
1:57 of 3rd period - Shot Misses the Net.
2:16 of 3rd period - Off-side.
2:17 of 3rd period - Pavel Zacha wins face-off versus Teuvo Teravainen in neutral zone.
2:22 of 3rd period - Slapshot by Artturi Lehkonen.
2:22 of 3rd period - Shot Misses the Net.
2:32 of 3rd period - Jordan Kyrou is hit by Artturi Lehkonen and loses puck.
2:47 of 3rd period - Andrew Mangiapane is hit by Brenden Dillon and loses puck.
3:12 of 3rd period - Slapshot by Kirill Kaprizov.
3:12 of 3rd period - Goal by Kirill Kaprizov - Kraken : 2 - Avalanche : 4.
3:13 of 3rd period - Sean Couturier wins face-off versus Jesperi Kotkaniemi in neutral zone.
3:27 of 3rd period - Nicolas Hague is hit by Matthew Tkachuk and loses puck.
4:10 of 3rd period - Snap shot by Andrei Svechnikov.
4:10 of 3rd period - Stopped by Spencer Knight with a rebound.
4:12 of 3rd period - Slapshot by Jonas Siegenthaler.
4:12 of 3rd period - Shot Misses the Net.
4:38 of 3rd period - Wrist shot by Morgan Frost.
4:38 of 3rd period - Stopped by Spencer Knight without a rebound.
4:39 of 3rd period - Sean Couturier wins face-off versus Jesperi Kotkaniemi in Avalanche zone.
4:44 of 3rd period - Slapshot by Matthew Tkachuk.
4:44 of 3rd period - Stopped by Tristan Jarry with a rebound.
4:48 of 3rd period - Snap shot by Matthew Tkachuk.
4:48 of 3rd period - Goal by Matthew Tkachuk - Kraken : 2 - Avalanche : 5.
4:49 of 3rd period - Jesperi Kotkaniemi wins face-off versus Teuvo Teravainen in neutral zone.
4:52 of 3rd period - Wrist shot by Blake Coleman.
4:52 of 3rd period - Stopped by Spencer Knight without a rebound.
4:53 of 3rd period - Jesperi Kotkaniemi wins face-off versus Teuvo Teravainen in Avalanche zone.
4:56 of 3rd period - Slapshot by Blake Coleman.
4:56 of 3rd period - Stopped by Spencer Knight with a rebound.
5:02 of 3rd period - Brenden Dillon is hit by Teuvo Teravainen.
5:06 of 3rd period - Wrist shot by Andre Burakovsky.
5:06 of 3rd period - Goal by Andre Burakovsky - Kraken : 2 - Avalanche : 6.
5:07 of 3rd period - Sean Couturier wins face-off versus Pavel Zacha in neutral zone.
5:19 of 3rd period - Snap shot by Andrew Mangiapane.
5:19 of 3rd period - Shot Blocked by Artturi Lehkonen.
5:21 of 3rd period - Wrist shot by Drew Doughty.
5:21 of 3rd period - Shot Hit the Post.
6:04 of 3rd period - Wrist shot by Sonny Milano.
6:04 of 3rd period - Shot Blocked by Roope Hintz.
6:06 of 3rd period - Slapshot by Adam Pelech.
6:06 of 3rd period - Stopped by Tristan Jarry without a rebound.
6:07 of 3rd period - Sean Couturier wins face-off versus Valeri Nichushkin in Kraken zone.
6:15 of 3rd period - Off-side.
6:16 of 3rd period - Sean Couturier wins face-off versus Pavel Zacha in neutral zone.
6:16 of 3rd period - Sean Couturier beats up Jonas Siegenthaler.
6:16 of 3rd period - Penalty to Sean Couturier for Fighting.
6:16 of 3rd period - Penalty to Jonas Siegenthaler for Fighting.
6:17 of 3rd period - Jesperi Kotkaniemi wins face-off versus Cole Perfetti in neutral zone.
6:20 of 3rd period - Cole Perfetti is hit by Blake Coleman and loses puck.
7:34 of 3rd period - Icing by Jaycob Megna.
7:35 of 3rd period - Jesperi Kotkaniemi wins face-off versus Jaycob Megna in Avalanche zone.
7:38 of 3rd period - Slapshot by Blake Coleman.
7:38 of 3rd period - Stopped by Spencer Knight without a rebound.
7:39 of 3rd period - Cole Perfetti wins face-off versus Jesperi Kotkaniemi in Avalanche zone.
7:44 of 3rd period - Brandon Saad is hit by Josh Manson and loses puck.
7:56 of 3rd period - Off-side.
7:57 of 3rd period - Pavel Zacha wins face-off versus Teuvo Teravainen in neutral zone.
8:23 of 3rd period - Matthew Tkachuk is hit by Nicolas Hague and loses puck.
8:56 of 3rd period - Martin Fehervary is hit by Cole Perfetti and loses puck.
9:10 of 3rd period - Keegan Kolesar beats up Logan O'Connor.
9:10 of 3rd period - Penalty to Logan O'Connor for Fighting.
9:10 of 3rd period - Penalty to Keegan Kolesar for Fighting.
9:11 of 3rd period - Teuvo Teravainen wins face-off versus Pavel Zacha in Avalanche zone.
9:18 of 3rd period - Snap shot by Andre Burakovsky.
9:18 of 3rd period - Shot Blocked by Nicolas Hague.
9:36 of 3rd period - Noah Dobson is hit by Cole Perfetti and loses puck.
11:01 of 3rd period - Matthew Tkachuk and Pavel Zacha fight to a draw.
11:01 of 3rd period - Penalty to Matthew Tkachuk for Fighting.
11:01 of 3rd period - Penalty to Pavel Zacha for Fighting.
11:02 of 3rd period - Cole Perfetti wins face-off versus Kirill Kaprizov in Avalanche zone.
12:40 of 3rd period - Snap shot by Kirill Kaprizov.
12:40 of 3rd period - Shot Blocked by Jaycob Megna.
12:52 of 3rd period - Snap shot by Andrei Svechnikov.
12:52 of 3rd period - Shot Blocked by Connor Murphy.
12:58 of 3rd period - Jani Hakanpaa is hit by Tanner Jeannot and loses puck.
13:48 of 3rd period - Artturi Lehkonen is hit by Adam Pelech and loses puck.
15:43 of 3rd period - Brandon Saad is hit by Connor Murphy and loses puck.
16:48 of 3rd period - Icing by Morgan Frost.
16:49 of 3rd period - Adam Ruzicka wins face-off versus Morgan Frost in Kraken zone.
16:50 of 3rd period - Wrist shot by Drew Doughty.
16:50 of 3rd period - Shot Blocked by Noah Dobson.
16:52 of 3rd period - Slapshot by Adam Pelech.
16:52 of 3rd period - Stopped by Tristan Jarry without a rebound.
16:53 of 3rd period - Sean Couturier wins face-off versus Roope Hintz in Kraken zone.
16:54 of 3rd period - Slapshot by Matthew Tkachuk.
16:54 of 3rd period - Shot Blocked by Brenden Dillon.
17:08 of 3rd period - Wrist shot by Roope Hintz.
17:08 of 3rd period - Shot Misses the Net.
17:14 of 3rd period - Minor Penalty to Drew Doughty for Delaying the game.
17:15 of 3rd period - Roope Hintz wins face-off versus Jaycob Megna in Avalanche zone.
17:16 of 3rd period - Slapshot by Andrei Svechnikov.
17:16 of 3rd period - Shot Misses the Net.
17:18 of 3rd period - Slapshot by Roope Hintz.
17:18 of 3rd period - Deflect By Kirill Kaprizov.
17:18 of 3rd period - Goal by Kirill Kaprizov - Kraken : 3 - Avalanche : 6.
17:19 of 3rd period - Teuvo Teravainen wins face-off versus Roope Hintz in neutral zone.
17:53 of 3rd period - Slapshot by Sean Couturier.
17:53 of 3rd period - Stopped by Tristan Jarry without a rebound.
17:54 of 3rd period - Adam Ruzicka wins face-off versus Roope Hintz in Kraken zone.
18:03 of 3rd period - Slapshot by Sonny Milano.
18:03 of 3rd period - Stopped by Tristan Jarry with a rebound.
18:05 of 3rd period - Slapshot by Adam Pelech.
18:05 of 3rd period - Shot Blocked by Nicolas Hague.
18:43 of 3rd period - Wrist shot by Matthew Tkachuk.
18:43 of 3rd period - Shot Misses the Net.
19:03 of 3rd period - Artturi Lehkonen is hit by Adam Ruzicka and loses puck.
19:11 of 3rd period - Icing by Jani Hakanpaa.
19:12 of 3rd period - Adam Ruzicka wins face-off versus Roope Hintz in Avalanche zone.
19:12 of 3rd period - Adam Ruzicka is hit by Andrei Svechnikov.
Goals for this period are 2 for Kraken vs 3 for Avalanche.
Shots for this period are 8 for Kraken vs 13 for Avalanche.